 Dungeon Crawl Stone Soup version 0.20.1-1-g8b1a95d (webtiles) character file.

58 PrincessLeslie the Caller (level 3, -1/14 HPs)
             Began as a Felid Summoner on Aug 19, 2017.
             Killed from afar by an orc wizard (5 damage)
             ... with a magic dart
             ... on level 3 of the Dungeon.
             The game lasted 00:17:34 (3342 turns).

PrincessLeslie the Caller (Felid Summoner)          Turns: 3342, Time: 00:17:34

Health: -1/14      AC:  1    Str:  4    XL:     3   Next: 75%
Magic:  3/7        EV: 18    Int: 17    God:
Gold:   60         SH:  0    Dex: 16    Spells: 0/6 levels left
                                        Lives:  0   Deaths: 0

rFire    . . .     SeeInvis +   (weapon unavailable)
rCold    . . .     Gourm    .   (shield unavailable)
rNeg     . . .     Faith    .   (armour unavailable)
rPois    .         Spirit   .   (helmet unavailable)
rElec    .         Reflect  .   (cloak unavailable)
rCorr    .         Harm     .   (gloves unavailable)
MR       .....                  (boots unavailable)
Stlth    +++.......             (no amulet)
Regen    0.1/turn               (no ring)
MPRegen  0.1/turn               (no ring)

@: quick
A: no armour, no weapons or thrown items, stealth, claws 1, fangs 3, see
invisible, carnivore 3, speed 1, shaggy fur 1, slow metabolism 1, sharp paws
a: no special abilities


You were on level 3 of the Dungeon.
You were not hungry.

You visited 1 branch of the dungeon, and saw 3 of its levels.

You collected 60 gold pieces.

Inventory:

Hand Weapons
 g - a +0 dagger
 m - a +0 dagger
 q - a cursed -1 whip
Armour
 c - a +0 scale mail
 d - a +0 ring mail
 k - a +0 robe
 l - a +0 leather armour
 p - a +0 robe
 u - a +0 pair of gloves
Scrolls
 e - a scroll of fog
 f - a scroll of enchant weapon {unknown}
 h - a scroll of enchant armour {unknown}
 j - a scroll of recharging {unknown}
 r - a scroll of teleportation {unknown}
 s - 2 scrolls of remove curse {unknown}
Potions
 b - a potion of invisibility {unknown}
 i - a potion of berserk rage {unknown}
 n - a potion of mutation {unknown}
 t - a potion of might {unknown}
Books
 a - a book of Callings

   Spells                             Type                      Level
   a - Summon Small Mammal            Summoning                    1
   b - Call Imp                       Summoning                    2
   c - Call Canine Familiar           Summoning                    3
   d - Summon Guardian Golem          Hexes/Summoning              3
   e - Summon Lightning Spire         Summoning/Air                4
   f - Summon Ice Beast               Ice/Summoning                4
Comestibles
 o - 2 bread rations


   Skills:
 + Level 2.9 Dodging
 + Level 2.9 Stealth
 + Level 0.6 Unarmed Combat
 + Level 2.2 Spellcasting
 + Level 5.0 Summonings


You couldn't memorise any spells.
You knew the following spells:

 Your Spells              Type           Power        Failure   Level  Hunger
a - Summon Small Mammal   Summ           ###.         2%          1    #......
b - Call Imp              Summ           ###.....     3%          2    ###....
c - Summon Guardian Gole  Hex/Summ       ##......     21%         3    ###....


Dungeon Overview and Level Annotations

Branches:
Dungeon (3/15)

Altars:
Elyvilon


Innate Abilities, Weirdness & Mutations

You cannot wear armour.
You are incapable of wielding weapons or throwing items.
Your paws allow you to move quietly. (Stealth)
You have sharp claws.
You have razor-sharp teeth.
You have supernaturally acute eyesight. (SInv)
You are carnivorous and can eat meat at any time.
You cover ground quickly.
You are covered in fur. (AC +1)
You have a slow metabolism.
Your sharp claws are effective at attacking unaware monsters.


Message History

The orc wizard is lightly wounded.
Your crimson imp hits the orc wizard.
The ball python bites your crimson imp but does no damage.
The ball python constricts your crimson imp.
The orc wizard completely misses you.
You scratch the orc wizard.
The orc wizard is moderately wounded.
Your crimson imp hits the ball python.
The ball python bites your crimson imp but does no damage.
The ball python constricts your crimson imp.
The orc wizard hits you with a dagger.
* * * LOW HITPOINT WARNING * * *
Something bites your crimson imp but does no damage.
Your crimson imp is constricted.
Your crimson imp struggles to blink free from constriction.
The ball python loses its grip on something.
Your crimson imp hits the ball python.
The orc wizard points at you and mumbles some strange words.
The magic dart hits you!
You die...

#...#.# .# .
##....# #.#
#..#####..
####......#.#
#.....###.#.#
#......# ..#
#......# #.#
####...####.#
######<@......#
#.........###.#
#........So...#
#........#.##.####
#........#.5.....#
########.#....##.#
#.#.....# #
..#.#...#
.<....>.#


You could see an orc wizard (invisible), a ball python and a friendly crimson
imp.

Vanquished Creatures
  3 bats
  A goblin (D:1)
  4 kobolds
  A quokka (D:2)
  A frilled lizard (D:1)
  3 rats (D:1)
13 creatures vanquished.

Vanquished Creatures (collateral kills)
  An adder (D:2)
  2 worms (D:2)
  2 dart slugs (D:1)
  A leopard gecko (D:2)
  2 orcs (D:3)
  4 bats (D:1)
  2 giant cockroaches
  2 goblins
  6 hobgoblins
  10 jackals (D:2)
  7 kobolds
  2 frilled lizards (D:1)
  3 rats
44 creatures vanquished.

Grand Total: 57 creatures vanquished

Notes
Turn   | Place    | Note
-------+----------+-------------------------------------------
     0 | D:1      | PrincessLeslie the Felid Summoner began the quest for the Orb.
     0 | D:1      | Reached XP level 1. HP: 7/7 MP: 4/4
   132 | D:1      | Reached XP level 2. HP: 9/11 MP: 4/6
   145 | D:1      | Learned a level 2 spell: Call Imp
  1283 | D:2      | Reached XP level 3. HP: 14/14 MP: 2/7
  1288 | D:2      | Learned a level 3 spell: Summon Guardian Golem
  1302 | D:2      | Found a white marble altar of Elyvilon.
  2324 | D:2      | Reached skill level 5 in Summonings
  3342 | D:3      | Killed from afar by an orc wizard

Skill      XL: |  1  2  3 |
---------------+----------+-----
Summonings     | 5 |  5.0
Dodging        | |  2.9
Stealth        | |  2.9
Unarmed Combat | |  0.6
Spellcasting   | |  2.2

Action                   || total
-------------------------++-------
Melee: Unarmed           ||    82
       Bite              ||     5
 Cast: Summon Small Mamm ||     7
       Call Imp          ||    39
       Summon Guardian G ||     2
  Use: Scroll            ||     1
 Stab: Sleeping          ||     2
  Eat: Meat ration       ||     1
       Royal jelly       ||     1
Armor: Skin              ||     5
Dodge: Dodged            ||    93
